 Dungeon Crawl Stone Soup version 0.32-a0-814-g0968bab981 (webtiles) character file.

Game seed: 10212269132127444000

151 GigaChad the Covered (level 5, -2/41 HPs)
             Began as a Human Fighter on Mar 20, 2024.
             Slain by Menkaure (15 damage)
             ... on level 4 of the Dungeon on Mar 22, 2024.
             The game lasted 00:04:14 (2599 turns).

GigaChad the Covered (Human Fighter)                Turns: 2599, Time: 00:04:15

Health: -2/41      AC:  8    Str: 18    XL:     5   Next: 33%
Magic:  5/5        EV:  8    Int:  9    God:
Gold:   168        SH:  4    Dex: 12    Spells: 4/4 levels left

rFire   . . .        a - +0 war axe
rCold   . . .        c - +0 buckler
rNeg    . . .        b - +0 scale mail
rPois   .            k - +0 helmet
rElec   .            (no cloak)
rCorr   .            (no gloves)
SInv    .            (no boots)
Will    .....        (no amulet) Stlth
                     (no ring)
HPRegen 0.26/turn    (no ring)
MPRegen 0.09/turn

%: no passive effects
@: no status effects
A: explore regen
a: no special abilities


You were on level 4 of the Dungeon.
You visited 1 branch of the dungeon, and saw 4 of its levels.

You collected 168 gold pieces.

Inventory:

Hand Weapons
 a - a +0 war axe (weapon)
 j - the +12 spear of Kere {antimagic, rElec Will+ Str-2 Dex+6}
   (You found it on level 2 of the Dungeon)

   Str-2:     It affects your strength (-2).
   Dex+6:     It affects your dexterity (+6).
   rElec:     It insulates you from electricity.
   Will+:     It increases your willpower.
Armour
 b - a +0 scale mail (worn)
 c - a +0 buckler (worn)
 k - a +0 helmet (worn)
Jewellery
 m - a ring of resist corrosion
 r - a ring of fire
Wands
 p - a wand of polymorph (10)
Scrolls
 e - 3 scrolls of teleportation {unknown}
 h - 3 scrolls of identify {unknown}
 l - 2 scrolls of revelation {unknown}
 q - 2 scrolls of blinking {unknown}
Potions
 d - a potion of might
 f - a potion of haste {unknown}
 g - a potion of heal wounds {unknown}
 i - a potion of berserk rage {unknown}
 n - 2 potions of attraction {unknown}
 o - a potion of enlightenment {unknown}


   Skills:
 * Level 3.4 Fighting
 * Level 3.4(3.5) Axes
 * Level 0.6(2.2) Polearms
 * Level 3.7 Armour
 * Level 1.0 Dodging
 * Level 0.8 Stealth
 * Level 3.6 Shields


You had 4 spell levels left.
You didn't know any spells.
Your spell library contained the following spells:

 Spells                   Type           Power      Damage    Failure   Level
 Summon Small Mammal      Summ           0%         N/A       85%         1
 Blink                    Tloc           0%         N/A       94%         2
 Ensorcelled Hibernation  Hex/Ice        0%         N/A       94%         2
 Lesser Beckoning         Tloc           0%         N/A       94%         2
 Momentum Strike          Conj/Tloc      0%         3d8       94%         2
 Call Canine Familiar     Summ           0%         N/A       99%         3
 Gell's Gravitas          Tloc           0%         N/A       99%         3
 Passwall                 Erth           0%         N/A       99%         3
 Swiftness                Air            0%         N/A       99%         3
 Teleport Other           Tloc           0%         N/A       99%         3
 Summon Blazeheart Golem  Fire/Summ      0%         N/A       100%        4
 Dispersal                Tloc           0%         N/A       100%        6


Dungeon Overview and Level Annotations

Branches:
Dungeon (4/15)
 Temple: D:4-7

Altars:

Shops:
D:3 *

Annotations:
D:4 Menkaure


Innate Abilities, Weirdness & Mutations

You regain HP and MP as you explore.


Message History

HP restored.
A ball python comes into view.
The ball python hisses angrily.
A ball python is nearby!
A ball python is nearby!
A ball python is nearby!
A ball python is nearby!
A ball python is nearby!
You closely miss the ball python. The ball python barely misses you.
The ball python misses you.
You slash the ball python!
You kill the ball python!
No target in view!
Unknown command.
No target in view!
You now have 168 gold pieces (gained 11).
r - a ring of fire Menkaure, Prince of Dust comes into view.
Menkaure shouts!
Menkaure is nearby!
Menkaure calls on the powers of darkness!
Your body is wracked with pain!
Menkaure is nearby!
Menkaure is nearby!
Menkaure calls on the powers of darkness!
Your body is wracked with pain!
You are too injured to fight recklessly!
Unknown command.
You are too injured to fight recklessly!
Unknown command.
You are too injured to fight recklessly!
Unknown command.
Unknown command.
Unknown command.
You hit Menkaure but do no damage.
Menkaure gestures wildly while chanting.
Menkaure seems to speed up.
Unknown command.
You hit Menkaure but do no damage. Menkaure hits you. Menkaure hits you!
You die...

..# ..# .........+ ..# .
.........###### ..##..
#............... ......
#............... ......
#...............
..#######...............
###...................#
................@M....#
......................#
......................#
......................#
###...........####....#
..+...........# ....#
..#...........# ....#
..#...........# ....#
###...........# ...#


You could see Menkaure (fast).

Vanquished Creatures
  Ijyb (D:3)
  Terence (D:3)
  3 adders
  2 dart slugs
  2 ribbon worms (D:2)
  4 orcs (D:3)
  2 bats
  2 endoplasms
  2 giant cockroaches
  8 goblins
  4 hobgoblins
  10 jackals
  A quokka (D:1)
  3 ball pythons
  2 frilled lizards
  6 kobolds
  5 rats
58 creatures vanquished.

Notes
Turn   | Place    | Note
-------+----------+-------------------------------------------
     0 | D:1      | GigaChad the Human Fighter began the quest for the Orb.
     0 | D:1      | Reached XP level 1. HP: 18/18 MP: 1/1
    53 | D:1      | Reached XP level 2. HP: 22/24 MP: 2/2
    62 | D:1      | Upgraded the game from 0.32-a0-791-gfc315c9ecd to
                  | 0.32-a0-799-g95e1662365
    62 | D:1      | Upgraded the game from 0.32-a0-799-g95e1662365 to
                  | 0.32-a0-814-g0968bab981
   407 | D:1      | Reached XP level 3. HP: 29/29 MP: 3/3
   999 | D:2      | Identified the +12 spear of Kere {antimagic, rElec Will+
                  | Str-2 Dex+6}
  1449 | D:3      | Found a faded altar of an unknown god.
  1460 | D:3      | Reached XP level 4. HP: 34/35 MP: 4/4
  2017 | D:3      | Noticed Ijyb
  2046 | D:3      | Killed Ijyb
  2193 | D:3      | Noticed Terence
  2215 | D:3      | Killed Terence
  2216 | D:3      | Reached skill level 1 in Dodging
  2216 | D:3      | Reached XP level 5. HP: 22/41 MP: 5/5
  2413 | D:3      | Found Dufias's General Store.
  2592 | D:4      | Noticed Menkaure
  2599 | D:4      | Slain by Menkaure

Illustrated notes

Levels and vault maps discovered:
D:1:      lemuel_arrival_lava_pool, layout_loops_cross
D:2:      layout_basic
D:3:      layout_loops_corners, nicolae_ecumenical_pavilion, serial_shops,
          nicolae_shop_pleasant_corner_grove, uniq_terence, uniq_ijyb
D:4:      layout_gridville, gammafunk_ghost_nasty_kobolds, minmay_ruptured,
          uniq_natasha, uniq_menkaure

Skill      XL: |  1  2  3  4 |
---------------+-------------+-----
Axes           | 3 |  3.4
Dodging        | 1 |  1.0
Fighting       | |  3.4
Polearms       | |  0.6
Armour         | |  3.7
Stealth        | |  0.8
Shields        | |  3.6

Action                     |  1- 3 |  4- 6 || total
---------------------------+-------+-------++-------
  Melee: War axe           |    98 |    71 ||   169
         Unarmed           |       |    20 ||    20
 Armour: Scale mail        |    73 |    62 ||   135
         Skin              |       |     8 ||     8
  Dodge: Dodged            |    45 |    40 ||    85
  Block: Buckler           |    31 |    11 ||    42

Table legend: (Time is in decaauts)
 A = Elapsed time spent in this place.
 B = Non-inter-level travel time spent in this place.
 C = Inter-level travel time spent in this place.
 D = Time resting spent in this place.
 E = Time spent auto-exploring this place.
 F = Levels seen in this place.
 G = Mean time per level.
                   A        B        C        D        E       F      G
               +--------+--------+--------+--------+--------+-----+--------+
         Total |   2664 |   2543 |    121 |      0 |   2060 |   4 |  666.0 |
       Dungeon |   2664 |   2543 |    121 |      0 |   2060 |   4 |  666.0 |
               +--------+--------+--------+--------+--------+-----+--------+

Top non-repeatable levels by time:
     D:3: 1044 daAuts
     D:2: 824 daAuts
     D:1: 663 daAuts
     D:4: 131 daAuts
